 Dungeon Crawl Stone Soup version 0.28.0-62-gf88900778d (webtiles) character file.

Game seed: 18372263227949362537

14469 cbfl8 the Spear-Bearer (level 12, -2/138 HPs)
             Began as a Merfolk Berserker on June 25, 2023.
             Was an Elder of Trog.
             Slain by a seven-headed hydra (8 damage)
             ... on level 11 of the Dungeon on June 26, 2023.
             The game lasted 00:15:40 (16820 turns).

cbfl8 the Spear-Bearer (Merfolk Berserker)         Turns: 16820, Time: 00:15:41

Health: -2/138     AC: 13    Str: 17    XL:     12   Next: 16%
Magic:  12/12      EV: 11    Int:  7    God:    Trog [****..]
Gold:   561        SH: 20    Dex: 24    Spells: 11/11 levels left

rFire   . . .      SeeInvis .   s - +0 trident (venom)
rCold   . . .      Faith    .   k - +1 tower shield
rNeg    . . .      Spirit   .   j - +0 chain mail
rPois   .          Reflect  .   D - +1 hat
rElec   .          Harm     .   w - scarf {repulsion}
rCorr   .          Rampage  .   d - +0 pair of gloves
Will    .....                   y - +0 pair of boots
Stlth   ..........              (no amulet)
HPRegen 0.33/turn               e - +4 ring of evasion
MPRegen 0.13/turn               z - +6 ring of dexterity

@: berserking, repel missiles, very quick
A: (nimble swimmer 2), mertail
a: Renounce Religion, Berserk, Trog's Hand, Brothers in Arms


You were on level 11 of the Dungeon.
You worshipped Trog.
Trog was greatly pleased with you.
You visited 1 branch of the dungeon, and saw 11 of its levels.

You collected 666 gold pieces.
You spent 105 gold pieces at shops.

Inventory:

Hand Weapons
 h - a +0 trident of flaming
 s - a +0 trident of venom (weapon)
Missiles
 t - 4 throwing nets
Armour
 d - a +0 pair of gloves (worn)
 j - a +0 chain mail (worn)
 k - a +1 tower shield (worn)
 w - a scarf of repulsion (worn)
 y - a +0 pair of boots (worn)
 D - a +1 hat (worn)
Jewellery
 e - a +4 ring of evasion (left hand)
 z - a +6 ring of dexterity (right hand)
Wands
 p - a wand of iceblast (11)
 x - a wand of acid (13)
 A - a wand of charming (12)
 C - a wand of paralysis (6) (quivered)
Scrolls
 a - 4 scrolls of noise
 c - a scroll of fear
 f - a scroll of enchant weapon {unknown}
 g - 4 scrolls of teleportation
 i - 3 scrolls of silence
 m - a scroll of fog {unknown}
 n - 2 scrolls of immolation
 B - a scroll of blinking
Potions
 b - a potion of mutation {unknown}
 l - a potion of flight
 o - a potion of cancellation {unknown}
 q - 2 potions of lignification
 r - a potion of berserk rage {unknown}
 u - 3 potions of attraction
 v - a potion of invisibility {unknown}
 F - a potion of resistance {unknown}
Miscellaneous
 E - a phantom mirror


   Skills:
 + Level 8.1 Fighting
 + Level 14.0 Polearms
 + Level 6.0 Armour
 + Level 5.7 Dodging
 + Level 2.7 Stealth
 * Level 9.5 Shields
 + Level 8.7 Evocations


You had 11 spell levels left.
You didn't know any spells.
Your spell library was empty.

Dungeon Overview and Level Annotations

Branches:
Dungeon (11/15)            Temple (0/1) D:5            Lair (0/6) D:11
    Orc (0/2) D:10

Altars:
Dithmenos
Elyvilon
Fedhas
Nemelex Xobeh
Qazlal
Wu Jian
Zin
The Shining One
Jiyva

Shops:
D:1 [   D:8 *   D:9 [

Annotations:
D:3 3 runed translucent doors, Wentworth's ghost, amateur MiFi
D:9 2 transporters


Innate Abilities, Weirdness & Mutations

((You are very nimble when in or above water. (Stealth+, EV+, Speed+++)))
Your lower body shifts to a powerful aquatic tail in water.


Message History

You hit the seven-headed hydra.
The seven-headed hydra is severely wounded.
You block the seven-headed hydra's attack.
The seven-headed hydra bites you.
You block the seven-headed hydra's attack.
The seven-headed hydra bites you but does no damage.
The seven-headed hydra misses you. The seven-headed hydra bites you.
The seven-headed hydra barely misses you.
A red film seems to cover your vision as you go berserk!
You feel yourself moving faster!
You feel mighty! Trog will no longer gift you weapons.
You block the seven-headed hydra's attack.
The seven-headed hydra bites you. x2
* * * LOW HITPOINT WARNING * * *
The seven-headed hydra bites you but does no damage.
The seven-headed hydra bites you.
* * * LOW HITPOINT WARNING * * *
The seven-headed hydra closely misses you.
The seven-headed hydra bites you!
* * * LOW HITPOINT WARNING * * *
You puncture the seven-headed hydra!
The seven-headed hydra is severely wounded.
You barely miss the seven-headed hydra.
The seven-headed hydra is severely wounded.
The seven-headed hydra bites you.
* * * LOW HITPOINT WARNING * * *
The seven-headed hydra misses you. The seven-headed hydra bites you!
* * * LOW HITPOINT WARNING * * *
You block the seven-headed hydra's attack. x2
The seven-headed hydra bites you.
* * * LOW HITPOINT WARNING * * *
The seven-headed hydra bites you but does no damage.
You hit the seven-headed hydra.
The seven-headed hydra looks as sick as possible!
The seven-headed hydra is severely wounded.
You puncture the seven-headed hydra!
The seven-headed hydra is almost dead.
You block the seven-headed hydra's attack. x3
The seven-headed hydra bites you!
You die...

#.####.##########.#
#... #.# #.# #.#
#... #.# #.# #.#
#... #.# #.# #.#
#... #.# #.# #.#
#... #.# #.# #.#
#... #.# #.# #.#
###. ### ########.#
## ......D@.#
.........#
.........#
########.# # #.#
#.# #.# .#


You could see a seven-headed hydra (extremely poisoned).

Vanquished Creatures
  Gastronok (D:10)
  Harold (D:10)
  Erica (D:9)
  A two-headed ogre (D:11)
  A cyclops (D:11)
  A manticore (D:11)
  A troll (D:11)
  Grinder (D:4)
  A hornet (D:9)
  4 wraiths
  Sigmund (D:4)
  5 wyverns
  22 yaks
  A basilisk (D:11)
  2 steam dragons
  An acid dragon (D:10)
  3 water moccasins
  5 orc warriors
  2 hornet zombies
  2 sky beasts (D:5)
  2 black bears
  An ice beast (D:5)
  2 ogres
  A necrophage (D:7)
  11 centaurs
  2 phantoms
  A kobold brigand (D:8)
  Blork the orc (D:4)
  2 bullfrogs
  A gnoll sergeant (D:7)
  2 scorpions
  A wyvern zombie (D:9)
  2 water moccasin zombies (D:5)
  A water moccasin skeleton (D:4)
  2 killer bees (D:8)
  6 wights
  2 howler monkeys (D:8)
  A lava snake (D:7)
  3 bullfrog zombies
  2 centaur zombies
  2 hounds (D:5)
  A gnoll shaman (D:8)
  4 orc priests
  4 iguanas
  7 orc wizards
  A killer bee zombie (D:8)
  A hound skeleton (D:4)
  A mummy (D:8)
  3 howler monkey zombies
  8 gnolls
  A howler monkey skeleton (D:7)
  3 adders
  A shadow imp (D:6)
  A worm (D:5)
  6 dart slugs
  43 orcs
  5 endoplasms
  7 giant cockroaches
  9 goblins
  9 hobgoblins
  A quokka (D:2)
  6 ball pythons
  7 bats
  2 frilled lizards
  17 kobolds
  7 rats
260 creatures vanquished.

Vanquished Creatures (others)
  4 fungi (D:11)
  16 plants (D:11)
20 creatures vanquished.

Grand Total: 280 creatures vanquished

Notes
Turn   | Place    | Note
-------+----------+-------------------------------------------
     0 | D:1      | cbfl8 the Merfolk Berserker began the quest for the Orb.
     0 | D:1      | Reached XP level 1. HP: 18/18 MP: 1/1
   220 | D:1      | Reached XP level 2. HP: 24/24 MP: 2/2
   384 | D:1      | Found Fevatz's Armour Shoppe.
   509 | D:1      | Reached skill level 1 in Evocations
   637 | D:1      | Reached skill level 5 in Polearms
   637 | D:1      | Reached XP level 3. HP: 29/29 MP: 3/3
  1272 | D:2      | Reached ** piety under Trog
  1459 | D:2      | Reached XP level 4. HP: 26/37 MP: 4/4
  1831 | D:2      | Found a faded altar of an unknown god.
  1854 | D:2      | Reached XP level 5. HP: 42/42 MP: 5/5
  2253 | D:3      | Found a runed translucent gate.
  2254 | D:3      | Found a runed translucent gate.
  2254 | D:3      | Found a runed translucent gate.
  2511 | D:3      | Found a stormy altar of Qazlal.
  2512 | D:3      | Found a blossoming altar of Fedhas.
  2578 | D:3      | Noticed Wentworth's ghost (amateur MiFi)
  2689 | D:3      | Found a glowing silver altar of Zin.
  2944 | D:4      | Noticed an ogre
  2950 | D:4      | Killed an ogre
  2951 | D:4      | Reached skill level 6 in Polearms
  2951 | D:4      | Reached XP level 6. HP: 10/48 MP: 6/6
  3264 | D:4      | Noticed Blork the orc
  3275 | D:4      | Killed Blork the orc
  4000 | D:4      | Noticed Grinder
  4017 | D:5      | Entered Level 5 of the Dungeon
  4017 | D:5      | Noticed a sky beast
  4026 | D:5      | Killed a sky beast
  4027 | D:5      | Reached skill level 7 in Polearms
  4027 | D:5      | Reached XP level 7. HP: 28/55 MP: 7/7
  4506 | D:4      | Killed Grinder
  4507 | D:4      | Reached skill level 1 in Shields
  4591 | D:4      | Noticed Sigmund
  4606 | D:4      | Killed Sigmund
  4607 | D:4      | Reached skill level 8 in Polearms
  4607 | D:4      | Reached skill level 1 in Stealth
  4882 | D:4      | Reached XP level 8. HP: 61/61 MP: 8/8
  5686 | D:5      | Found a staircase to the Ecumenical Temple.
  5792 | D:5      | Noticed a wraith
  5803 | D:5      | Killed a wraith
  5804 | D:5      | Reached skill level 9 in Polearms
  5917 | D:5      | Reached skill level 5 in Fighting
  6358 | D:5      | Reached *** piety under Trog
  6780 | D:6      | Reached XP level 9. HP: 65/68 MP: 9/9
  7260 | D:6      | Reached skill level 10 in Polearms
  8240 | D:7      | Reached skill level 5 in Evocations
  8993 | D:7      | Reached skill level 5 in Shields
  9109 | D:7      | Found a white marble altar of Elyvilon.
  9955 | D:8      | Found Volum's General Store.
  9961 | D:8      | Bought a scroll of blinking for 105 gold pieces
  9997 | D:8      | Reached **** piety under Trog
 10041 | D:8      | Reached skill level 11 in Polearms
 10045 | D:8      | Reached XP level 10. HP: 76/76 MP: 10/10
 10530 | D:8      | Paralysed by a centaur for 6 turns
 10939 | D:9      | Identified the +10 war axe of Woelo {pain, Will+}
 11089 | D:9      | Found Jucwoc's Armour Shop.
 11296 | D:9      | Found a transporter.
 11304 | D:9      | Noticed a great orb of eyes
 11305 | D:9      | Found a transporter.
 11305 | D:9      | Found a viscous altar of Jiyva.
 11583 | D:9      | Found a glowing golden altar of the Shining One.
 11642 | D:9      | Reached skill level 12 in Polearms
 11816 | D:9      | Noticed Erica
 11819 | D:9      | Found an ornate altar of the Wu Jian Council.
 11836 | D:9      | Killed Erica
 11837 | D:9      | Reached skill level 5 in Dodging
 12564 | D:9      | Found a sparkling altar of Nemelex Xobeh.
 12783 | D:10     | Entered Level 10 of the Dungeon
 12808 | D:10     | Reached skill level 5 in Armour
 12813 | D:10     | Reached XP level 11. HP: 63/84 MP: 11/11
 12911 | D:10     | Found a staircase to the Orcish Mines.
 12990 | D:10     | Noticed Gastronok
 13018 | D:10     | Killed Gastronok
 13146 | D:10     | Reached skill level 13 in Polearms
 13455 | D:10     | Paralysed by an orc for 5 turns
 13836 | D:10     | Noticed Harold
 13850 | D:10     | Killed Harold
 14290 | D:11     | Found a shadowy altar of Dithmenos.
 14786 | D:11     | Noticed a manticore
 14811 | D:11     | Killed a manticore
 15305 | D:11     | Found a staircase to the Lair.
 15319 | D:11     | Noticed a two-headed ogre
 15336 | D:11     | Killed a two-headed ogre
 15347 | D:11     | Reached XP level 12. HP: 46/92 MP: 12/12
 15362 | D:11     | Reached skill level 14 in Polearms
 16666 | D:11     | Reached ***** piety under Trog
 16807 | D:11     | Noticed a seven-headed hydra
 16818 | D:11     | HP: 6/138 [seven-headed hydra (4)]
 16820 | D:11     | Slain by a seven-headed hydra

Illustrated notes

Levels and vault maps discovered:
D:1:      sevenhm_arrival_forest_fort_large_4, layout_loops_ring, serial_shops,
          nicolae_shop_waterfront, serial_aquarium, aquarium_bridge_square
          [aquarium_subvault_bridge, aquarium_subvault_balcony,
          aquarium_subvault_bridge, aquarium_subvault_window],
          aquarium_window_fake, aquarium_window_fake, aquarium_window_fake,
          aquarium_view_2b, aquarium_balcony_double_4, aquarium_pool_2
D:2:      layout_rooms, hellmonk_ecumenical_altar_inner_sanctum,
          minmay_misc_feat_roman, minmay_vboxes
D:3:      layout_basic, grunt_temple_overflow_forces_of_nature, zin_treasury,
          ebering_ghost_rock_garden
D:4:      layout_loops_cross, nicolae_concentric_dashed_squares_wild,
          minmay_misc_feat_five, uniq_sigmund, uniq_blork_the_orc, uniq_grinder
D:5:      minmay_general_purpose_star, layout_basic, temple_hall
D:6:      layout_basic, st_stairs_12
D:7:      layout_loops_cross, mainiacjoe_overflow_alcove_1,
          kennysheep_cross_room
D:8:      layout_basic, gup_ossuary_entry_pyramid, serial_shops, shop_statue,
          minmay_alternating_orb
D:9:      gammafunk_jiyva_shrine, layout_grid_maze,
          nicolae_wu_jian_wuxing_cycle, tso_metal_star, lemuel_doored_altar,
          serial_rivers, chequers_serial_rivers_large_b,
          chequers_serial_rivers_marsh, chequers_serial_rivers_small_3,
          chequers_serial_rivers_micro_a, serial_shops,
          nicolae_shop_behind_doors, uniq_erica
D:10:     layout_basic, david_orc_2, hangedman_decor_peaks_small, uniq_harold,
          uniq_gastronok
D:11:     layout_basic, minmay_lair_entry_grove, serial_co_window_serial,
          co_window_of_opportunity_a, co_window_paths_b, co_window_paths_a,
          co_window_of_opportunity_a, co_window_of_opportunity_a,
          co_window_of_opportunity_c, co_window_broadway_c, co_window_corner_b,
          co_window_broadway_c, co_window_paths_c, co_window_sun,
          glass_columns_b, grunt_dithmenos_smoke

Skill      XL: |  1  2  3  4  5  6  7  8  9 10 11 12 |
---------------+-------------------------------------+-----
Evocations     | 1 2 3 4 5 7 8 |  8.7
Polearms       | 5 6 7 8 9 11 12 13 14 | 14.0
Dodging        | 3 4 5 |  5.7
Fighting       | 4 5 6 7 8 |  8.1
Armour         | 2 3 4 5 6 |  6.0
Shields        | 1 3 5 7 9 |  9.5
Stealth        | 1 2 |  2.7

Action                   |  1- 3 |  4- 6 |  7- 9 | 10-12 || total
-------------------------+-------+-------+-------+-------++-------
Melee: Spear             |   111 |       |       |       ||   111
       Punch             |     1 |     1 |       |       ||     2
       Trident           |    38 |   134 |   437 |   608 ||  1217
       Tailslap          |       |       |       |     3 ||     3
Invok: Berserk           |       |     1 |     3 |     6 ||    10
       Trog's Hand       |       |     1 |       |     1 ||     2
Evoke: Wand              |       |       |       |     3 ||     3
  Use: Scroll            |       |     7 |    11 |     4 ||    22
       Potion            |       |       |       |     3 ||     3
 Stab: Paralysed         |       |       |       |     4 ||     4
Armor: Ring mail         |    27 |    10 |       |       ||    37
       Chain mail        |       |    38 |   159 |   177 ||   374
Dodge: Dodged            |    78 |    49 |   104 |   187 ||   418
       Repelled          |       |       |       |     2 ||     2
Block: Tower shield      |       |    26 |   358 |   545 ||   929
